 Dungeon Crawl Stone Soup version 0.25.1-2-g60ff931df9 (webtiles) character file.

Game seed: 6959531071385459521

3108 nikku the Cleaver (level 9, -4/85 HPs)
             Began as a Minotaur Berserker on Nov 9, 2020.
             Was an Elder of Trog.
             Killed from afar by a fire dragon (22 damage)
             ... with a blast of flame
             ... while paralysed
             ... on level 8 of the Dungeon.
             The game lasted 00:17:24 (7094 turns).

nikku the Cleaver (Minotaur Berserker)              Turns: 7094, Time: 00:17:25

Health: -4/85      AC: 17    Str: 25    XL:     9   Next: 60%
Magic:  0/8        EV:  2    Int:  4    God:    Trog [****..]
Gold:   393        SH:  0    Dex: 10    Spells: 8/8 levels left

rFire    . . .     SeeInvis .   a - +0 hand axe
rCold    . . .     Gourm    .   (no shield)
rNeg     . . .     Faith    .   e - +0 ring mail
rPois    .         Spirit   +   (helmet restricted)
rElec    .         Reflect  .   q - +2 cloak
rCorr    .         Harm     .   v - +1 pair of gloves
MR       ++...                  (no boots)
Stlth    ..........             x - amulet of guardian spirit
HPRegen  1.24/turn              y - +4 ring of protection
MPRegen  0.11/turn              (no ring)

@: paralysed, berserk cooldown, regenerating, slowed
A: retaliatory headbutt, horns 2
a: Berserk, Trog's Hand, Brothers in Arms, Renounce Religion


You were on level 8 of the Dungeon.
You worshipped Trog.
Trog was greatly pleased with you.
You were very hungry.

You visited 1 branch of the dungeon, and saw 8 of its levels.

You collected 393 gold pieces.

Inventory:

Hand Weapons
 a - a +0 hand axe (weapon)
Missiles
 d - 43 poisoned darts (quivered)
 g - 7 atropa-tipped darts
Armour
 e - a +0 ring mail (worn)
 q - a +2 cloak (worn)
 v - a +1 pair of gloves (worn)
Jewellery
 x - an amulet of guardian spirit (around neck)
 y - a +4 ring of protection (left hand)
Wands
 s - a wand of iceblast (12)
 C - a wand of polymorph (9)
Scrolls
 b - 2 scrolls of fog
 f - 5 scrolls of remove curse
 r - 7 scrolls of teleportation
 t - a scroll of fear
 u - a scroll of immolation
 B - a scroll of magic mapping
Potions
 h - a potion of mutation
 i - 2 potions of lignification
 j - 2 potions of invisibility
 l - 4 potions of heal wounds
 m - 5 potions of curing
 n - a potion of cancellation
 w - a potion of stabbing {unknown}
 z - a potion of resistance
 A - a potion of might
Comestibles
 c - 15 rations
 k - 6 chunks of flesh


   Skills:
 + Level 10.0 Fighting
 + Level 10.0 Axes
 + Level 9.6 Armour
 - Level 2.1 Dodging


You had 8 spell levels left.
You didn't know any spells.
Your spell library was empty.

Dungeon Overview and Level Annotations

Branches:
Dungeon (8/15)             Temple (0/1) D:7
   Lair: D:8-11

Altars:
Cheibriados
Fedhas
Gozag
Zin

Shops:
D:6 *

Annotations:
D:8 Maggie


Innate Abilities, Weirdness & Mutations

You reflexively headbutt those who attack you in melee.
You have a pair of horns on your head.


Message History

The fire dragon is heavily wounded.
You are no longer berserk.
You pass out from exhaustion.
You feel yourself slow down. The fire dragon breathes flames at you.
The blast of flame hits you!!
* * * LOW HITPOINT WARNING * * *
You hear a shout!
The fire dragon bites you but does no damage.
The fire dragon claws you.
* * * LOW HITPOINT WARNING * * *
The fire dragon tramples you.
* * * LOW HITPOINT WARNING * * *
You are shoved backwards!
An adder comes into view.
The adder hisses angrily.
Maggie the Vainglorious comes into view.
She is wielding a +0 long sword.
The fire dragon breathes flames at you. The blast of flame hits you!!
You die...

#.# #.# ##.# #
..# ###. #$# #
#...##.###@#.##
#..............
#..@# #.#D#
#<#o# ###)#
#o.....≈§
##%.....§
?...... .#.....
..)....


You could see a fire dragon (catching breath), Maggie and 2 orcs.

Vanquished Creatures
  Sigmund (D:2)
  3 hogs (D:7)
  A yak (D:7)
  A human (D:7)
  Purgy (D:3)
  An ice beast (D:7)
  3 orc warriors
  A sky beast (D:7)
  An ogre (D:7)
  4 bullfrogs
  2 scorpions (D:7)
  5 killer bees (D:7)
  2 howler monkeys (D:7)
  2 centaur zombies
  A crimson imp (D:6)
  A jelly (D:5)
  3 hounds
  An orc priest (D:5)
  A centaur skeleton (D:5)
  Ijyb (D:3)
  Terence (D:2)
  Natasha (thrice) (D:2)
  4 iguanas
  6 orc wizards
  4 worker ants
  A killer bee zombie (D:7)
  A hound zombie (D:5)
  2 hound skeletons (D:4)
  4 adders
  2 howler monkey skeletons (D:7)
  2 adder zombies
  An adder skeleton (D:7)
  2 dart slugs (D:1)
  4 leopard geckos
  23 orcs
  2 ball pythons
  8 bats
  6 giant cockroaches
  2 goblins
  2 hobgoblins
  6 jackals
  3 kobolds
  4 quokkas
  3 frilled lizards
  A leopard gecko skeleton (D:4)
  A leopard gecko zombie (D:6)
  2 quokka zombies
  5 rats
141 creatures vanquished.

Notes
Turn   | Place    | Note
-------+----------+-------------------------------------------
     0 | D:1      | nikku the Minotaur Berserker began the quest for the Orb.
     0 | D:1      | Reached XP level 1. HP: 19/19 MP: 0/0
   133 | D:1      | Reached XP level 2. HP: 24/27 MP: 1/1
   716 | D:2      | Reached XP level 3. HP: 30/33 MP: 2/2
   945 | D:2      | Noticed Terence
   950 | D:2      | Killed Terence
   998 | D:2      | Noticed Sigmund
  1004 | D:2      | Killed Sigmund
  1004 | D:2      | Reached skill level 5 in Fighting
  1004 | D:2      | Reached skill level 5 in Axes
  1004 | D:2      | Reached XP level 4. HP: 42/42 MP: 3/3
  1004 | D:2      | Reached XP level 5. HP: 48/48 MP: 4/4
  1070 | D:2      | Reached ** piety under Trog
  1312 | D:2      | Noticed Natasha
  1321 | D:2      | Killed Natasha
  1887 | D:2      | Noticed Natasha
  1894 | D:2      | Killed Natasha
  2218 | D:2      | Noticed Natasha
  2229 | D:2      | Killed Natasha
  2229 | D:2      | Reached XP level 6. HP: 43/56 MP: 5/5
  2556 | D:3      | Noticed Ijyb
  2568 | D:3      | Killed Ijyb
  2568 | D:3      | Reached skill level 5 in Armour
  2626 | D:3      | Noticed Purgy
  2636 | D:3      | Killed Purgy
  3471 | D:4      | Found an opulent altar of Gozag.
  3792 | D:5      | Entered Level 5 of the Dungeon
  3801 | D:5      | Reached XP level 7. HP: 58/64 MP: 6/6
  4389 | D:5      | Reached *** piety under Trog
  4949 | D:6      | Found a blossoming altar of Fedhas.
  5041 | D:6      | Found Zin's Purification Station.
  5043 | D:6      | Found a glowing silver altar of Zin.
  5245 | D:6      | Reached XP level 8. HP: 23/73 MP: 7/7
  6211 | D:7      | Found a staircase to the Ecumenical Temple.
  6235 | D:7      | Found a snail-covered altar of Cheibriados.
  6623 | D:7      | Reached XP level 9. HP: 82/82 MP: 6/8
  6670 | D:7      | Reached **** piety under Trog
  7073 | D:8      | Noticed a fire dragon
  7082 | D:8      | Reached skill level 10 in Fighting
  7082 | D:8      | Reached skill level 10 in Axes
  7094 | D:8      | Noticed Maggie
  7094 | D:8      | Killed from afar by a fire dragon

Illustrated notes

Levels and vault maps discovered:
D:1:      dpeg_arrival_rooms_c, layout_loops_ring, serial_aquarium,
          aquarium_bridge_straight [aquarium_subvault_bridge,
          aquarium_subvault_window, aquarium_subvault_bridge,
          aquarium_subvault_window], aquarium_window_1, aquarium_window_2,
          aquarium_view_2d, aquarium_balcony_5b, aquarium_pool_2
D:2:      layout_loops_corners, uniq_natasha, uniq_sigmund, uniq_terence
D:3:      layout_rooms, first_ration, kennysheep_generic_room_14, uniq_ijyb,
          uniq_purgy
D:4:      layout_cave_pods, nicolae_gozag_cash_rules_everything_around_me
D:5:      layout_loops_ring
D:6:      layout_basic, zin_purify, portal_sewer_entry_b, fedhas_altar_2
D:7:      minmay_bubble_buster, layout_basic, minmay_temple_entry_mini_moons,
          basic_altar, chequers_serial_rivers_micro_a, grunt_livestock
D:8:      layout_basic, minmay_lair_entry_lava, serial_shops,
          nicolae_shop_behind_doors, uniq_maurice, uniq_maggie, uniq_psyche,
          uniq_joseph

Skill      XL: |  1  2  3  4  5  6  7  8  9 |
---------------+----------------------------+-----
Fighting       | 4 5 6 7 8 10 | 10.0
Axes           | 4 5 6 7 9 10 | 10.0
Armour         | 3 4 5 6 8 9 |  9.6
Dodging        | |  2.1

Action                   |  1- 3 |  4- 6 |  7- 9 || total
-------------------------+-------+-------+-------++-------
Melee: Hand axe          |    56 |   108 |   306 ||   470
       Headbutt          |     7 |    18 |    58 ||    83
Invok: Berserk           |     2 |     1 |     5 ||     8
       Trog's Hand       |       |       |     6 ||     6
  Use: Scroll            |     2 |    14 |     6 ||    22
  Eat: Chunk             |     1 |    10 |    14 ||    25
       Ration            |       |       |     1 ||     1
Armor: Ring mail         |    14 |    45 |   147 ||   206
Dodge: Dodged            |    52 |    60 |   138 ||   250
